 Dungeon Crawl Stone Soup version 0.27.1 (webtiles) character file.

Game seed: 13081253720786413242

86 Atelerd the Sneak (level 4, 0/27 HPs)
             Began as an Octopode Earth Elementalist on Sept 3, 2021.
             Slain by a scorpion (9 damage)
             ... on level 2 of the Dungeon.
             The game lasted 00:01:43 (2755 turns).

Atelerd the Sneak (Octopode Earth Elementalist)     Turns: 2755, Time: 00:01:44

Health: 0/27       AC:  1    Str:  7    XL:     4   Next: 50%
Magic:  5/8        EV: 13    Int: 18    God:
Gold:   31         SH:  0    Dex: 12    Spells: 7/8 levels left

rFire    . . .     SeeInvis +   c - +1 short sword (protect)
rCold    . . .     Faith    .   (no shield)
rNeg     . . .     Spirit   .   (helmet restricted)
rPois    .         Reflect  .   (no amulet)
rElec    .         Harm     .   a - ring of willpower
rCorr    .         Rampage  .   j - ring of see invisible
Will     +....                  (no ring)
Stlth    +++.......             (no ring)
HPRegen  0.09/turn              (no ring)
MPRegen  0.11/turn              (no ring)
                                (no ring)
                                (no ring)

@: lethally poisoned (0 -> -11)
A: almost no armour, amphibious, 8 rings, camouflage 1, gelatinous body 1,
(nimble swimmer 1), tentacles
a: no special abilities


You were on level 2 of the Dungeon.
You visited 1 branch of the dungeon, and saw 3 of its levels.

You collected 31 gold pieces.

Inventory:

Hand Weapons
 c - a +1 short sword of protection (weapon)
 k - a +4 dagger
Missiles
 b - 41 stones
Jewellery
 a - a ring of willpower (left tentacle)
 j - a ring of see invisible (right tentacle)
Scrolls
 d - a scroll of magic mapping {unknown}
 e - a scroll of noise {unknown}
 h - a scroll of identify {unknown}
 i - a scroll of amnesia {unknown}
 l - a scroll of vulnerability {unknown}
 m - a scroll of teleportation {unknown}
Potions
 f - a potion of degeneration {unknown}
 g - a potion of berserk rage {unknown}


   Skills:
 - Level 2.0 Dodging
 - Level 4.0 Stealth
 + Level 2.6 Spellcasting
 + Level 2.2 Transmutations
 + Level 3.6 Earth Magic


You had 7 spell levels left.
You knew the following spells:

 Your Spells              Type           Power      Damage    Failure   Level
a - Sandblast             Erth           30%        2d9       3%          1

Your spell library contained the following spells:

 Spells                   Type           Power      Damage    Failure   Level
 Passwall                 Tmut/Erth      10%        N/A       8%          2
 Stone Arrow              Conj/Erth      16%        3d8       24%         3
 Petrify                  Tmut/Erth      12%        N/A       45%         4


Dungeon Overview and Level Annotations

Branches:
Dungeon (3/15)

Altars:


Innate Abilities, Weirdness & Mutations

You cannot wear most types of armour.
You are amphibious.
You can wear up to eight rings at the same time.
Your skin changes colour to match your surroundings (Stealth+).
Your rubbery body absorbs attacks. (AC +1, EV +1)
((You are camouflaged near water. (Stealth+)))
You have tentacles for arms and can constrict up to eight enemies at once.


Message History

You constrict the scorpion. The scorpion completely misses you.
You hit the scorpion but do no damage.
The scorpion is severely wounded.
You constrict the scorpion. The scorpion misses you. The scorpion stings you.
You are poisoned.
The scorpion poisons you! The dart slug launches a dart at you.
The slug dart misses you.
You release your grip on the scorpion.
You feel sick. The scorpion barely misses you.
You climb upwards.
You feel very sick.
There is a stone staircase leading down here.
Casting: Sandblast (safe; 3% risk of failure)
Confirm with . or Enter, or press ? or * to list all spells.
Aiming: Sandblast (safe; 3% risk of failure)
Press: ? - help, Shift-Dir - straight line, f - scorpion
Aim: a scorpion (almost dead, 79% to hit)
The blast of sand hits the scorpion.
The scorpion is almost dead.
You feel sick. The scorpion barely misses you.
Casting: Sandblast (safe; 3% risk of failure)
Confirm with . or Enter, or press ? or * to list all spells.
Aiming: Sandblast (safe; 3% risk of failure)
Press: ? - help, Shift-Dir - straight line, f/p - scorpion
Aim: a scorpion (almost dead, 79% to hit)
The blast of sand hits the scorpion but does no damage.
The scorpion is almost dead.
You feel sick. The scorpion misses you.
Casting: Sandblast (safe; 3% risk of failure)
Confirm with . or Enter, or press ? or * to list all spells.
Aiming: Sandblast (safe; 3% risk of failure)
Press: ? - help, Shift-Dir - straight line, f/p - scorpion
Aim: a scorpion (almost dead, 79% to hit)
The blast of sand hits the scorpion but does no damage.
The scorpion is almost dead.
You feel sick. The scorpion stings you!
You are lethally poisoned!
The scorpion poisons you! The scorpion stings you!
You die...

........##.###########.#
#.#
........+............#.#
#.#
........##.#########.#.#
#.#
...........#.......#.#.#
#.#
#.........##.......#.#.#
#.#
..........##.......#.#.#
#.#
..........##.......#.#.#
#.#
......###............#.#
#.#
................@s...#.#
#.#
.......##............#.#
#.#
.......##............#.#
#.#
.......####...##'#####.##
#.#
+#.....####...##.###....#
#.#
.#............##......>.#
#.####
.)#####.......##......#.#
#....#
......#...........#####.#
#.##.#
......#...........#
#.#######.#


You could see a scorpion.

Vanquished Creatures
  Jessica (D:2)
  2 adders (D:2)
  A worm (D:2)
  8 endoplasms
  A goblin (D:2)
  2 hobgoblins
  2 jackals (D:1)
  3 kobolds
  4 ball pythons
  5 bats
  8 frilled lizards
  5 rats (D:1)
42 creatures vanquished.

Notes
Turn   | Place    | Note
-------+----------+-------------------------------------------
     0 | D:1      | Atelerd the Octopode Earth Elementalist began the quest for
                  | the Orb.
     0 | D:1      | Reached XP level 1. HP: 11/11 MP: 3/3
   674 | D:1      | Reached skill level 3 in Stealth
   674 | D:1      | Reached XP level 2. HP: 17/17 MP: 1/5
  1793 | D:2      | Reached XP level 3. HP: 21/21 MP: 6/6
  1859 | D:2      | Found a faded altar of an unknown god.
  2448 | D:2      | Noticed Jessica
  2454 | D:2      | Killed Jessica
  2455 | D:2      | Reached XP level 4. HP: 27/27 MP: 7/7
  2581 | D:2      | Reached skill level 4 in Stealth
  2746 | D:3      | Noticed a scorpion
  2755 | D:2      | Slain by a scorpion

Illustrated notes

Levels and vault maps discovered:
D:1:      eino_arrival_tree_alley, layout_loops_corners, nrook_mini_backslash,
          minmay_3d_cube
D:2:      layout_basic, ebering_ecumenical_altar_box, uniq_jessica
D:3:      layout_loops_cross, uniq_ijyb

Skill      XL: |  1  2  3  4 |
---------------+-------------+-----
Stealth        | 3 4 |  4.0
Transmutations | 2 |  2.2
Dodging        | |  2.0
Spellcasting   | |  2.6
Earth Magic    | |  3.6

Action                   |  1- 3 |  4- 6 || total
-------------------------+-------+-------++-------
Melee: Unarmed           |    11 |       ||    11
       Constrict         |    11 |     1 ||    12
       Tentacles         |    11 |     3 ||    14
       Short sword       |    50 |    13 ||    63
 Cast: Sandblast         |    10 |     3 ||    13
 Stab: Sleeping          |    13 |     4 ||    17
Armor: Skin              |     4 |     2 ||     6
Dodge: Dodged            |    35 |     8 ||    43
